 Dungeon Crawl Stone Soup version 0.29.0-4-gdea44cf6ec (webtiles) character file.

Game seed: 1759314637342856910

94 qw the Chopper (level 4, -1/26 HPs)
             Began as a Tengu Warper on Aug 28, 2022.
             Slain by an orc wizard
             ... wielding a +0 dagger
              (3 damage)
             ... on level 4 of the Dungeon.
             The game lasted 00:00:11 (1999 turns).

qw the Chopper (Tengu Warper)                       Turns: 1999, Time: 00:00:11

Health: -1/26      AC:  6    Str: 13    XL:     4   Next: 63%
Magic:  8/8        EV: 11    Int: 14    God:
Gold:   89         SH:  0    Dex: 13    Spells: 7/7 levels left

rFire   . . .      SeeInvis .   Y - +0 hand axe
rCold   . . .      Faith    .   (no shield)
rNeg    . . .      Spirit   .   g - +0 ring mail
rPois   .          Reflect  .   (helmet restricted)
rElec   .          Harm     .   (no cloak)
rCorr   +          Rampage  .   (no gloves)
Will    .....                   (boots unavailable)
Stlth   +.........              (no amulet)
HPRegen 0.08/turn               k - ring of resist corrosion
MPRegen 0.11/turn               (no ring)

@: no status effects
A: beak, talons 3, claws 1, shaggy fur 1
a: no special abilities


You were on level 4 of the Dungeon.
You visited 1 branch of the dungeon, and saw 4 of its levels.

You collected 89 gold pieces.


Innate Abilities, Weirdness & Mutations

You have a beak for a mouth.
You have claws for feet.
You have sharp fingernails.
You are covered in fur. (AC +1)


   Skills:
 - Level 2.0 Fighting
 + Level 5.2 Axes
 - Level 1.0 Throwing
 - Level 1.1 Armour
 - Level 2.1 Dodging
 - Level 2.0 Spellcasting
 - Level 2.4 Translocations


You had 7 spell levels left.
You didn't know any spells.
Your spell library contained the following spells:

 Spells                   Type           Power      Damage    Failure   Level
 Blink                    Tloc           16%        N/A       28%         2
 Gell's Gravitas          Tloc           8%         N/A       50%         3
 Lesser Beckoning         Tloc           8%         N/A       50%         3
 Teleport Other           Tloc           8%         N/A       50%         3
 Manifold Assault         Tloc           8%         N/A       99%         5

Inventory:

Hand Weapons
 i - a +0 mace
 Y - a +0 hand axe (weapon)
Missiles
 f - 5 boomerangs (quivered)
Armour
 g - a +0 ring mail (worn)
 j - a +0 pair of gloves
Jewellery
 a - an amulet of magic regeneration
 k - a ring of resist corrosion (left claw)
Potions
 b - a potion of might {unknown}
 c - a potion of curing {unknown}
 d - a potion of heal wounds
 e - a potion of mutation
 h - a potion of brilliance {unknown}

Dungeon Overview and Level Annotations

Branches:
Dungeon (4/15)
 Temple: D:4-7

Altars:

Shops:
D:3 =


Message History

An adder comes into view.
Something completely misses you. The orc barely misses you.
The adder hisses angrily.
You slash the orc!
You kill the orc!
You miss something.
You hear some strange, mumbled words.
A puff of flame appears from out of thin air!
The puff of flame hits you!
You hit the orc. You claw the orc.
The orc is almost dead.
You barely miss something. Something hits you but does no damage.
The orc closely misses you.
You hit the orc but do no damage. Your kick misses the orc. You peck the orc.
You kill the orc!
You closely miss something.
A goblin comes into view. It is wielding a +0 dagger.
Something hits you but does no damage.
You closely miss the orc priest.
The goblin shouts!
Your kick misses the orc priest. You peck the orc priest.
The orc priest is lightly wounded.
You miss something. The orc priest misses you.
You hear some strange, mumbled words.
Something tries to affect you, but you resist.
You closely miss the orc priest. Your kick misses the orc priest.
You peck the orc priest, but do no damage.
The orc priest is lightly wounded.
You hit something but do no damage. The orc priest closely misses you.
Something hits you.
You hit the orc priest but do no damage.
You claw the orc priest! You peck the orc priest.
The orc priest is severely wounded.
You miss something.
The orc priest invokes the aid of Beogh against you.
Beogh smites you!
Ouch! That really hurt!
Something hits you.
You die...

#......>.# #.##.#
.........####.##.########
.........................
#####....###...##.#######
.....# ##...#.# #.#..>#
#.##..## # #...#
#@#.###### #{og.g....
###o####.# .# .# oo ..
..# #o.


You could see an orc priest, an orc, a hobgoblin and a goblin.

Vanquished Creatures
  An iguana (D:4)
  2 adders (D:2)
  A worm (D:2)
  2 orcs (D:4)
  7 endoplasms
  5 goblins
  3 hobgoblins (D:1)
  2 ball pythons
  4 bats
  2 frilled lizards
  8 kobolds
  6 rats
43 creatures vanquished.

Notes
Turn   | Place    | Note
-------+----------+-------------------------------------------
     0 | D:1      | qw the Tengu Warper began the quest for the Orb.
     0 | D:1      | Reached XP level 1. HP: 12/12 MP: 4/4
     0 | D:1      | 0 ||| qw: Version: 0.1-a-89-g26bdef1
     0 | D:1      | 0 ||| qw: Game counter: 54
     0 | D:1      | 0 ||| qw: Always use a shield: true
     0 | D:1      | 0 ||| qw: God list: Okawaru
     0 | D:1      | 0 ||| qw: Allow faded altars: false
     0 | D:1      | 0 ||| qw: Do Orc after D:15 true
     0 | D:1      | 0 ||| qw: Do second Lair branch before Depths: true
     0 | D:1      | 0 ||| qw: Lair rune preference: random
     0 | D:1      | 0 ||| qw: Plans: Normal
     0 | D:1      | 0 ||| PLANNING D:1-11
   195 | D:1      | Reached XP level 2. HP: 17/17 MP: 6/6
   204 | D:1      | Reached skill level 3 in Axes
   545 | D:1      | Found a faded altar of an unknown god.
   934 | D:1      | 934 ||| UPGRADING to +0 ring mail.
   944 | D:1      | 944 ||| DROPPING +0 leather armour.
   945 | D:1      | 945 ||| UPGRADING to ring of resist corrosion.
   946 | D:1      | 946 ||| READING scroll labelled IRAXUGH URGHAA.
  1047 | D:1      | 1047 ||| DRINKING 2 fizzy golden potions.
  1048 | D:1      | 1048 ||| DRINKING 2 brown potions.
  1048 | D:1      | Gained mutation: You are covered in fur. (AC +1) [potion of
                  | mutation]
  1048 | D:1      | Gained mutation: You have sharp fingernails. [potion of
                  | mutation]
  1049 | D:1      | 1049 ||| DROPPING scroll of blinking.
  1078 | D:2      | 1078 ||| STAIRDANCE
  1085 | D:2      | Reached XP level 3. HP: 17/21 MP: 7/7
  1085 | D:2      | 1085 ||| STAIRDANCE
  1152 | D:2      | Reached skill level 4 in Axes
  1243 | D:2      | 1243 ||| Stepping ~*~*~tactically~*~*~ (stealth).
  1568 | D:2      | Reached XP level 4. HP: 23/26 MP: 8/8
  1851 | D:2      | 1851 ||| READING scroll labelled WODE AFE WUU.
  1865 | D:3      | Found Ungimec's Jewellery Shoppe.
  1868 | D:3      | 1868 ||| SHOPLISTING amulet of guardian spirit (300 gold,
                  | have 74).
  1868 | D:3      | 1868 ||| SHOPLISTING amulet of regeneration (300 gold, have
                  | 74).
  1868 | D:3      | 1868 ||| SHOPLISTING ring of ice (250 gold, have 74).
  1868 | D:3      | 1868 ||| SHOPLISTING ring of positive energy (200 gold,
                  | have 74).
  1888 | D:3      | You fall into a shaft and drop 1 floor!
  1889 | D:4      | 1889 ||| PLANNING SEWER
  1905 | D:4      | Reached skill level 5 in Axes
  1983 | D:4      | 1983 ||| Stepping ~*~*~tactically~*~*~ (stealth).
  1986 | D:4      | 1986 ||| Stepping ~*~*~tactically~*~*~ (hiding).
  1999 | D:4      | HP: 2/26 [orc priest/divine providence (15)]
  1999 | D:4      | Slain by an orc wizard

Levels and vault maps discovered:
D:1:      dpeg_arrival_connections, layout_basic,
          hellmonk_ecumenical_altar_arch_garden, supply_closet_lemuel,
          st_stairs_5
D:2:      layout_rooms, kennysheep_generic_room_14
D:3:      layout_rooms, serial_shops, shop
D:4:      layout_rooms, fedhas_altar_4, minmay_temple_entry_trees,
          portal_sewer_entry_a, serial_shops, shop, hangedman_decor_push

Skill      XL: |  1  2  3  4 |
---------------+-------------+-----
Axes           | 3 4 5 |  5.2
Fighting       | |  2.0
Throwing       | |  1.0
Armour         | |  1.1
Dodging        | |  2.1
Spellcasting   | |  2.0
Translocations | |  2.4

Action                   |  1- 3 |  4- 6 || total
-------------------------+-------+-------++-------
Melee: Hand axe          |    49 |    27 ||    76
       Kick              |     9 |     5 ||    14
       Peck              |     5 |     7 ||    12
       Punch             |       |     1 ||     1
Throw: Boomerang         |    36 |    11 ||    47
  Use: Potion            |     2 |       ||     2
       Scroll            |     1 |     1 ||     2
Armor: Leather armour    |     5 |       ||     5
       Ring mail         |    15 |     5 ||    20
Dodge: Dodged            |    14 |    14 ||    28

Table legend:
 A = Non-vault XP
 B = Vault XP
 C = Vault XP percentage of total XP
 D = Non-vault monster count
 E = Vault monster count
 F = Vault count percentage of total count
                 A         B        C        D         E       F
            +---------+---------+-------+---------+---------+-------
      Total |     117 |      18 |  13.3 |      39 |       4 |   9.3
            +---------+---------+-------+---------+---------+-------
        D:1 |      29 |       3 |   9.4 |      19 |       2 |   9.5
        D:2 |      42 |      15 |  26.3 |      15 |       2 |  11.8
        D:3 |       1 |       0 |   0.0 |       1 |       0 |   0.0
        D:4 |      45 |       0 |   0.0 |       4 |       0 |   0.0
            +---------+---------+-------+---------+---------+-------
